 Dungeon Crawl Stone Soup version 0.31-a0-557-g6e16503903 (webtiles) character file.

Game seed: 16376984399018048182

344 IdlyInterested the Trooper (level 6, -7/48 HPs)
             Began as a Demonspawn Gladiator on Aug 16, 2023.
             Mangled by Blork the orc
             ... wielding a +0 flail
              (8 damage)
             ... on level 4 of the Dungeon.
             The game lasted 00:10:16 (3219 turns).

IdlyInterested the Trooper (Demonspawn Gladiator)   Turns: 3219, Time: 00:10:17

Health: -7/48      AC:  9    Str: 17    XL:     6   Next: 31%
Magic:  15/15      EV: 12    Int:  9    God:
Gold:   217        SH:  0    Dex: 14    Spells: 5/5 levels left

rFire   . . .        a - +0 rapier
rCold   . . .        (no shield)
rNeg    . . .        q - +3 leather armour
rPois   .            c - +0 helmet
rElec   .            (no cloak)
rCorr   .            (no gloves)
SInv    .            (no boots)
Will    .....        (no amulet)
Stlth   ++           j - ring of magical power
HPRegen 0.28/turn    (no ring)
MPRegen 0.14/turn

%: no passive effects
@: no status effects
A: claws 1, thin metallic scales 1, icemail 1, condensation shield
a: no special abilities


You were on level 4 of the Dungeon.
You visited 1 branch of the dungeon, and saw 4 of its levels.

You collected 217 gold pieces.

Inventory:

Hand Weapons
 a - a +0 rapier (weapon)
 k - a +2 dagger of protection
 o - a +0 flail of draining
Missiles
 d - 3 throwing nets
 f - 5 atropa-tipped darts
 i - 17 stones (quivered)
Armour
 c - a +0 helmet (worn)
 q - a +3 leather armour (worn)
Jewellery
 j - a ring of magical power (left claw)
Talismans
 g - a talisman of death
Scrolls
 l - 2 scrolls of identify
Potions
 m - a potion of lignification
 p - a potion of brilliance


   Skills:
 - Level 4.0 Fighting
 - Level 3.0 Short Blades
 - Level 2.0 Axes
 - Level 2.0 Throwing
 - Level 1.0 Armour
 - Level 3.0 Dodging
 + Level 1.4 Stealth
 - Level 1.0 Shields
 - Level 2.0 Unarmed Combat
 - Level 1.0 Evocations
 - Level 1.0 Shapeshifting


You had 5 spell levels left.
You didn't know any spells.
Your spell library contained the following spells:

 Spells                   Type           Power      Damage    Failure   Level
 Magic Dart               Conj           0%         1d3       43%         1
 Call Imp                 Summ           0%         N/A       58%         2
 Mephitic Cloud           Conj/Pois/Air  0%         N/A       82%         3


Dungeon Overview and Level Annotations

Branches:
Dungeon (4/15)
 Temple: D:4-7

Altars:
Xom

Shops:
D:3 (

Annotations:
D:4 Blork the orc, Natasha, Robin


Innate Abilities, Weirdness & Mutations

You have sharp fingernails.
You are partially covered in thin metallic scales. (AC +2)
A meltable icy envelope protects you from harm. (AC +0)
A meltable shield of frost defends you. (SH +0)


Message History

You puncture Blork the orc!
Blork the orc is severely wounded.
The goblin no longer looks unusually strong.
You block Blork the orc's attack.
Blork the orc hits you but does no damage.
The cerulean imp barely misses you. The goblin closely misses you.
You hit Blork the orc.
Blork the orc is severely wounded.
The cerulean imp disappears in a puff of smoke!
Blork the orc closely misses you.
Robin roars a battlecry!
The goblin goes into a battle-frenzy!
You block the goblin's attack. You block Blork the orc's attack.
You hit Blork the orc.
Blork the orc is almost dead.
Natasha mumbles some strange words.
Blork the orc points at you and mumbles some strange words.
The puff of flame hits you.
Your icy defences dissipate!
The goblin closely misses you.
Natasha mumbles some strange words.
You barely miss Blork the orc.
Blork the orc is almost dead.
Blork the orc is no longer blind.
Blork the orc hits you with a +0 flail.
* * * LOW HITPOINT WARNING * * *
The goblin hits you but does no damage. Blork the orc hits you with a +0 flail.
* * * LOW HITPOINT WARNING * * *
Unknown command.
You barely miss Blork the orc.
Blork the orc is almost dead.
The goblin no longer looks unusually strong.
Blork the orc barely misses you. The goblin closely misses you.
You hit Blork the orc but do no damage.
Blork the orc is almost dead.
Blork the orc hits you with a +0 flail!
* * * LOW HITPOINT WARNING * * *
The goblin completely misses you.
Natasha mumbles some strange words.
Blork the orc hits you with a +0 flail!
You die...

# #.# #.#.# # #
#.#.# .#
.##.#.#.###..#
.............##
...............
#.# # # #g# .##
#.#@# ....
#.#o##.....
#.ggg:.....
#.#g#h.....
#.#5gg.#.## #
#....# #
.....(.
.....#.#
###..!#...


You could see Blork the orc (fast), Robin, Natasha, a cerulean imp (summoned), a
hobgoblin (strong) and 5 goblins.

Vanquished Creatures
  Sigmund (D:3)
  The ghost of bahustanut the Ruffian, an amateur TrBe of Trog (D:3)
  An adder (D:3)
  3 dart slugs
  4 orcs (D:3)
  6 endoplasms
  4 giant cockroaches
  9 goblins
  9 hobgoblins
  4 jackals (D:1)
  A quokka (D:3)
  4 ball pythons
  4 bats
  4 frilled lizards
  6 kobolds
  12 rats
73 creatures vanquished.

Notes
Turn   | Place    | Note
-------+----------+-------------------------------------------
     0 | D:1      | IdlyInterested the Demonspawn Gladiator began the quest for
                  | the Orb.
     0 | D:1      | Reached XP level 1. HP: 16/16 MP: 1/1
   163 | D:1      | Gained mutation: A meltable shield of frost defends you.
                  | (SH +0) [demonic ancestry]
   163 | D:1      | Reached XP level 2. HP: 22/22 MP: 2/2
   411 | D:1      | Reached skill level 1 in Armour
   593 | D:1      | Reached skill level 1 in Stealth
   790 | D:2      | Gained mutation: You are partially covered in thin metallic
                  | scales. (AC +2) [demonic ancestry]
   790 | D:2      | Reached XP level 3. HP: 27/27 MP: 3/3
  1305 | D:2      | Reached skill level 1 in Shapeshifting
  1788 | D:3      | Reached skill level 1 in Evocations
  2056 | D:3      | Reached skill level 1 in Shields
  2056 | D:3      | Reached XP level 4. HP: 30/33 MP: 4/4
  2093 | D:3      | Found a runed translucent gate.
  2094 | D:3      | Found a runed translucent gate.
  2094 | D:3      | Found a runed translucent gate.
  2094 | D:3      | Noticed bahustanut's ghost (amateur TrBe)
  2138 | D:3      | Found Ochenn's Weapon Emporium.
  2427 | D:3      | Found a shimmering altar of Xom.
  2575 | D:3      | Reached skill level 1 in Unarmed Combat
  2847 | D:3      | Noticed Sigmund
  2859 | D:3      | Killed Sigmund
  2860 | D:3      | Reached skill level 1 in Axes
  2860 | D:3      | Reached skill level 4 in Fighting
  2860 | D:3      | Gained mutation: A meltable icy envelope protects you from
                  | harm. (AC +0) [demonic ancestry]
  2860 | D:3      | Reached XP level 5. HP: 41/42 MP: 5/5
  3082 | D:3      | Killed bahustanut's ghost
  3083 | D:3      | Gained mutation: You have sharp fingernails. [demonic
                  | ancestry]
  3083 | D:3      | Reached XP level 6. HP: 29/48 MP: 6/6
  3184 | D:4      | Noticed Robin
  3184 | D:4      | Noticed Blork the orc
  3185 | D:4      | Noticed Natasha
  3219 | D:4      | HP: 1/48 [Blork the orc/+0 flail (7)]
  3219 | D:4      | Mangled by Blork the orc

Illustrated notes

Levels and vault maps discovered:
D:1:      eino_arrival_cavern_a, layout_basic, serial_curves, eino_curves_03,
          eino_curves_03, eino_curves_03, minivault_24
D:2:      layout_basic
D:3:      layout_basic, mainiacjoe_overflow_alcove_1, ebering_ghost_rock_garden,
          serial_shops, shop, minivault_24, uniq_sigmund
D:4:      layout_basic, gammafunk_ghost_mausoleum, uniq_robin, uniq_natasha,
          uniq_blork_the_orc, uniq_ijyb

Skill      XL: |  1  2  3  4  5 |
---------------+----------------+-----
Short Blades   | 3 |  3.0
Throwing       | 2 |  2.0
Dodging        | 3 |  3.0
Armour         | 1 |  1.0
Stealth        | 1 |  1.4
Shapeshifting  | 1 |  1.0
Evocations     | 1 |  1.0
Shields        | 1 |  1.0
Unarmed Combat | 1 2 |  2.0
Axes           | 1 2 |  2.0
Fighting       | 4 |  4.0

Action                     |  1- 3 |  4- 6 || total
---------------------------+-------+-------++-------
  Melee: Rapier            |   158 |   139 ||   297
         Punch             |     1 |     4 ||     5
  Throw: Stone             |     1 |       ||     1
         Dart              |       |     1 ||     1
         Javelin           |       |     1 ||     1
    Use: Scroll            |     6 |     3 ||     9
         Potion            |     1 |     2 ||     3
   Stab: Sleeping          |     1 |     1 ||     2
         Invisible         |       |     1 ||     1
 Armour: Leather armour    |    32 |    58 ||    90
         Scale mail        |       |     8 ||     8
  Dodge: Dodged            |    73 |    90 ||   163
  Block: Other             |    26 |    27 ||    53

Table legend: (Time is in decaauts)
 A = Elapsed time spent in this place.
 B = Non-inter-level travel time spent in this place.
 C = Inter-level travel time spent in this place.
 D = Time resting spent in this place.
 E = Time spent auto-exploring this place.
 F = Levels seen in this place.
 G = Mean time per level.
                   A        B        C        D        E       F      G
               +--------+--------+--------+--------+--------+-----+--------+
         Total |   3234 |   2861 |    373 |    182 |   1807 |   4 |  808.5 |
       Dungeon |   3234 |   2861 |    373 |    182 |   1807 |   4 |  808.5 |
               +--------+--------+--------+--------+--------+-----+--------+

Top non-repeatable levels by time:
     D:3: 1210 daAuts
     D:2: 1117 daAuts
     D:1: 870 daAuts
     D:4: 36 daAuts
